 Dungeon Crawl Stone Soup version 0.29-a0-453-gf113fcf677 (webtiles) character file.

Game seed: 6937677125613578226

95 Bruhh the Ruffian (level 4, 31/41 HPs)
             Began as an Ogre Transmuter on May 20, 2022.
             Quit the game on level 2 of the Dungeon.
             The game lasted 00:04:06 (2375 turns).

Bruhh the Ruffian (Ogre Transmuter)                 Turns: 2375, Time: 00:04:07

Health: 31/41      AC:  3    Str: 16    XL:     4   Next: 66%
Magic:  7/7        EV:  9    Int: 14    God:
Gold:   128        SH:  0    Dex:  9    Spells: 6/7 levels left

rFire   . . .      SeeInvis .     - Unarmed
rCold   . . .      Faith    .   (no shield)
rNeg    . . .      Spirit   .   a - +0 robe
rPois   .          Reflect  .   (helmet currently unavailable)
rElec   .          Harm     .   (no cloak)
rCorr   .          Rampage  .   (gloves unavailable)
Will    .....                   (boots unavailable)
Stlth   +.........              (no amulet)
HPRegen 0.13/turn               (no ring)
MPRegen 0.10/turn               (no ring)

@: appendages (expiring)
A: horns 2, talons 2, large, unfitting armour, tough skin 1
a: End Transformation


You were on level 2 of the Dungeon.
You had temporarily grown beastly horns and talons.
You visited 1 branch of the dungeon, and saw 2 of its levels.

You collected 128 gold pieces.

Inventory:

Armour
 a - a +0 robe (worn)
Jewellery
 c - a ring of fire
Scrolls
 d - 4 scrolls of identify {unknown}
 e - a scroll of summoning {unknown}
 f - a scroll of blinking {unknown}
 g - a scroll of magic mapping {unknown}
Potions
 b - a potion of lignification
 h - a potion of berserk rage {unknown}
 i - a potion of attraction {unknown}


   Skills:
 - Level 1.3 Fighting
 - Level 1.7 Dodging
 * Level 4.8 Unarmed Combat
 - Level 2.4 Spellcasting
 - Level 1.7 Transmutations


You had 6 spell levels left.
You knew the following spells:

 Your Spells              Type           Power      Damage    Failure   Level
a - Beastly Appendage     Tmut           12%        N/A       11%         1

Your spell library contained the following spells:

 Spells                   Type           Power      Damage    Failure   Level
 Wereblood                Tmut           6%         N/A       17%         2
 Spider Form              Tmut/Pois      4%         N/A       43%         3
 Gell's Gravitas          Tloc           1%         N/A       56%         3
 Lesser Beckoning         Tloc           1%         N/A       56%         3
 Teleport Other           Tloc           1%         N/A       56%         3
 Ice Form                 Ice/Tmut       4%         N/A       85%         4


Dungeon Overview and Level Annotations

Branches:
Dungeon (2/15)

Altars:


Innate Abilities, Weirdness & Mutations

You have temporarily grown beastly horns and talons.
You are too large for most types of armour.
You have tough skin. (AC +1)


Message History

There is a large open door here.
There is a shaft here.
There is a shaft here.
Key pressed, stopping explore.
Things that are here:
a +0 whip; 3 stones You open the door.
An adder comes into view.
An adder is nearby!
An adder is nearby!
An adder is nearby!
An adder is nearby!
An adder is nearby!
The adder hisses angrily.
You barely miss the adder. You punch the adder.
The adder is heavily wounded.
The adder bites you.
You grow a pair of large bovine horns.
Your feet morph into talons.
The adder barely misses you.
You hit the adder. Your kick misses the adder. Your headbutt misses the adder.
The adder is almost dead.
The adder bites you.
You are poisoned.
The adder poisons you!
You closely miss the adder. Your kick misses the adder.
Your headbutt misses the adder.
The adder is almost dead.
You feel sick. The adder closely misses you.
You hit the adder.
You kill the adder!
You feel sick.
No target in view!
You feel sick.
You feel sick.
Your transformation is almost over.
You feel sick.
You feel sick.
You feel sick.
You are no longer poisoned.
Are you sure you want to abandon this character and quit the game? (Confirm with "yes".)

.............#.#########........#
.............#........##........#
.............#####....#......#.##
............. #.#..#........#
........... #.#..#.....#..##
......# #.#..#.......... ......#
#.#........#..##
......############.##.#.....##.#
................@...........+.>#
......############.##.#.....####
......# #....####.## .######
###### #.# #.# #.# ..#


There were no monsters in sight!

Vanquished Creatures
  Jessica (D:2)
  3 adders (D:2)
  4 worms (D:2)
  An endoplasm (D:2)
  2 goblins (D:2)
  3 hobgoblins
  2 jackals (D:1)
  3 kobolds
  2 quokkas
  8 ball pythons
  2 bats
  2 frilled lizards
  A rat (D:1)
34 creatures vanquished.

Notes
Turn   | Place    | Note
-------+----------+-------------------------------------------
     0 | D:1      | Bruhh the Ogre Transmuter began the quest for the Orb.
     0 | D:1      | Reached XP level 1. HP: 19/19 MP: 3/3
   217 | D:1      | Reached skill level 3 in Unarmed Combat
   373 | D:1      | Reached XP level 2. HP: 16/27 MP: 5/5
   978 | D:1      | Found a faded altar of an unknown god.
  1225 | D:2      | Noticed Jessica
  1230 | D:2      | Killed Jessica
  1231 | D:2      | Reached skill level 4 in Unarmed Combat
  1231 | D:2      | Reached XP level 3. HP: 33/33 MP: 4/6
  1362 | D:2      | Reached XP level 4. HP: 30/41 MP: 4/7
  2375 | D:2      | Quit the game

Illustrated notes

Levels and vault maps discovered:
D:1:      co_arrival_square_in_a_square_in_a_square, layout_loops_ring,
          nicolae_ecumenical_snake_handling, minmay_crystal_room
D:2:      layout_basic, nicolae_wormholes, uniq_jessica, uniq_sigmund

Skill      XL: |  1  2 |
---------------+-------+-----
Unarmed Combat | 3 4 |  4.8
Fighting       | |  1.3
Dodging        | |  1.7
Spellcasting   | |  2.4
Transmutations | |  1.7

Action                   |  1- 3 |  4- 6 || total
-------------------------+-------+-------++-------
Melee: Unarmed           |   100 |    42 ||   142
       Kick              |     4 |    10 ||    14
       Punch             |     1 |     1 ||     2
       Headbutt          |       |     3 ||     3
 Cast: Beastly Appendage |     5 |     8 ||    13
 Stab: Sleeping          |     1 |       ||     1
Armor: Robe              |    29 |    10 ||    39
Dodge: Dodged            |    45 |    23 ||    68

Table legend: (Time is in decaauts)
 A = Elapsed time spent in this place.
 B = Non-inter-level travel time spent in this place.
 C = Inter-level travel time spent in this place.
 D = Time resting spent in this place.
 E = Time spent auto-exploring this place.
 F = Levels seen in this place.
 G = Mean time per level.
                   A        B        C        D        E       F      G
               +--------+--------+--------+--------+--------+-----+--------+
         Total |   2365 |   2331 |     34 |      0 |   2051 |   2 | 1182.5 |
       Dungeon |   2365 |   2331 |     34 |      0 |   2051 |   2 | 1182.5 |
               +--------+--------+--------+--------+--------+-----+--------+

Top non-repeatable levels by time:
     D:1: 1185 daAuts
     D:2: 1180 daAuts
